 Dungeon Crawl Stone Soup version 0.26-a0-812-g31a745ddcd (webtiles) character file.

Game seed: 2359435861294582476

1 Dracia the Skirmisher (level 1, 18/18 HPs)
             Began as a Demonspawn Wanderer on Dec 4, 2020.
             Got out of the dungeon alive.
             The game lasted 00:00:39 (39 turns).

Dracia the Skirmisher (Demonspawn Wanderer)           Turns: 39, Time: 00:00:40

Health: 18/18      AC:  5    Str: 13    XL:     1   Next: 16%
Magic:  1/1        EV: 10    Int: 12    God:
Gold:   0          SH:  0    Dex: 12    Spells: 0/0 levels left

rFire    . . .     SeeInvis .   a - +2 hand crossbow
rCold    . . .     Faith    .   (no shield)
rNeg     . . .     Spirit   .   d - +0 ring mail
rPois    .         Reflect  .   (no helmet)
rElec    .         Harm     .   (no cloak)
rCorr    .         Rampage  .   (no gloves)
MR       .....                  (no boots)
Stlth    +.........             (no amulet)
HPRegen  0.06/turn              (no ring)
MPRegen  0.07/turn              (no ring)

@: no status effects
A: no striking features
a: no special abilities


You escaped.
You visited 1 branch of the dungeon, and saw 1 of its levels.


   Skills:
 - Level 3.0 Fighting
 - Level 1.7 Crossbows
 + Level 1.8 Throwing
 + Level 2.7 Armour


You couldn't memorise any spells.
You didn't know any spells.
Your spell library was empty.

Inventory:

Hand Weapons
 a - a +2 hand crossbow (weapon)
Missiles
 b - 23 bolts (quivered)
Armour
 d - a +0 ring mail (worn)
Potions
 c - a potion of curing {@q1@q1}

Dungeon Overview and Level Annotations

Branches:
Dungeon (1/15)

Altars:

..# #.# #.##.#.#
#..#.#.# #... #.#
#..# #.#
##+#..###.#
#.........#
#...#.###### #####
#...#.###..###.#@#
#...#...#....##..#
#...#..........###
#.(.#............#
##.##.##..#..#..##
#. #..####.####>#
#( #.# ### ## ...
##


There were no monsters in sight!


Message History

Lua error: /dgldir/rcfiles/crawl-git/Dracia.rc:909: unexpected symbol near '}' Options error: Bad object type '%}|' for autopickup. (~/.crawlrc:2054) Welcome, Dracia the Demonspawn Wanderer.
Will you prevail where others failed? Will you find the Orb of Zot?
Press ? for a list of commands and other information.
Found a staircase leading out of the dungeon.
You begin with the following items: a +2 hand crossbow, 25 bolts, a potion of curing {@q1@q1}, a +0 ring mail.
Found an escape hatch in the floor.
A ball python comes into view.
A ball python is nearby!
You shoot a bolt. The bolt barely misses the ball python.
You shoot a bolt. The bolt hits the ball python!
You kill the ball python!
There is a staircase leading out of the dungeon here.
(D) Dungeon
Where to? (Enter - D:1 @ (x,y), ? - help)
Okay, then.
Unknown command.
Are you sure you want to leave the Dungeon?
This will make you lose the game!
You have escaped!

Action                   || total
-------------------------++-------
 Fire: Hand crossbow     ||     2

Levels and vault maps discovered:
D:1:      minmay_arrival_jagged, layout_basic

Notes
Turn   | Place    | Note
-------+----------+-------------------------------------------
     0 | D:1      | Dracia the Demonspawn Wanderer began the quest for the Orb.
     0 | D:1      | Dracia set off with the following items: a +2 hand
                  | crossbow, 25 bolts, a potion of curing {@q1@q1}, a +0 ring
                  | mail
     0 | D:1      | Reached XP level 1. HP: 18/18 MP: 1/1
    39 | D:$      | Got out of the dungeon alive.

Vanquished Creatures
  A ball python (D:1)
1 creature vanquished.

Table legend: (Time is in decaauts)
 A = Elapsed time spent in this place.
 B = Non-inter-level travel time spent in this place.
 C = Inter-level travel time spent in this place.
 D = Time resting spent in this place.
 E = Time spent auto-exploring this place.
 F = Levels seen in this place.
 G = Mean time per level.
                   A        B        C        D        E       F      G
               +--------+--------+--------+--------+--------+-----+--------+
         Total |     39 |     25 |     14 |      0 |     21 |   1 |   39.0 |
       Dungeon |     39 |     25 |     14 |      0 |     21 |   1 |   39.0 |
               +--------+--------+--------+--------+--------+-----+--------+

Top non-repeatable levels by time:
     D:1: 39 daAuts

Table legend:
 A = Non-vault XP
 B = Vault XP
 C = Vault XP percentage of total XP
 D = Non-vault monster count
 E = Vault monster count
 F = Vault count percentage of total count
                 A         B        C        D         E       F
            +---------+---------+-------+---------+---------+-------
      Total |       2 |       0 |   0.0 |       1 |       0 |   0.0
            +---------+---------+-------+---------+---------+-------
        D:1 |       2 |       0 |   0.0 |       1 |       0 |   0.0
            +---------+---------+-------+---------+---------+-------
